 Dungeon Crawl Stone Soup version 0.31-a0-188-g5e087ee2ca (webtiles) character file.

Game seed: 14738341807632082289

12908 pokeman the Eclecticist (level 11, -15/61 HPs)
             Began as a Deep Elf Hedge Wizard on June 23, 2023.
             Was a Priest of Vehumet.
             Demolished by Jorgrun
             ... wielding a +0 heavy quarterstaff
              (17 damage)
             ... while petrified by Jorgrun
             ... on level 12 of the Dungeon.
             The game lasted 00:50:01 (15896 turns).

pokeman the Eclecticist (Deep Elf Hedge Wizard)    Turns: 15896, Time: 00:50:02

Health: -15/61     AC:  4    Str: 14    XL:     11   Next: 68%
Magic:  30/32      EV:  2    Int: 33    God:    Vehumet [***...]
Gold:   336        SH:  0    Dex:  9    Spells: 24/41 levels left

rFire   + . .        B - +4 rapier of Kismet {freeze, rF+ rC+ Str+7 Dex-5}
rCold   + + .        (no shield)
rNeg    + + +        b - +0 robe
rPois   ∞            c - +0 hat
rElec   .            C - scarf {repulsion}
rCorr   +            K - +0 pair of gloves
SInv    .            J - +0 pair of boots
Will    .....        (no amulet)
Stlth   ++           l - ring "Xum Qoyq" {rC+ EV+5 Int+3 Slay-3}
HPRegen 0.30/turn    w - ring "Cibolun" {Fly rN+ Will- rCorr Int+6}
MPRegen 0.23/turn

%: repel missiles
@: petrified, flying, slowed, studying Polearms
A: no striking features
a: Renounce Religion


You were on level 12 of the Dungeon.
You worshipped Vehumet.
Vehumet was most pleased with you.
You visited 2 branches of the dungeon, and saw 13 of its levels.
You also visited: Sewer and Gauntlet.

You collected 595 gold pieces.
You spent 259 gold pieces at shops.

Inventory:

Hand Weapons
 u - the +2 spear of Royalism {freeze, Fly Dex+4}
   (You found it on level 3 of the Dungeon)

   Dex:       It affects your dexterity (+4).
   Fly:       It grants you flight.
 y - a +1 dagger of venom
 B - the +4 rapier of Kismet (weapon) {freeze, rF+ rC+ Str+7 Dex-5}
   (You found it on level 5 of the Dungeon)

   Str:       It affects your strength (+7).
   Dex:       It affects your dexterity (-5).
   rF:        It protects you from fire.
   rC:        It protects you from cold.
Missiles
 G - 4 curare-tipped darts
Armour
 b - a +0 robe (worn)
 c - a +0 hat (worn)
 v - a +2 buckler
 C - a scarf of repulsion (worn)
 J - a +0 pair of boots (worn)
 K - a +0 pair of gloves (worn)
 Q - a +2 robe of cold resistance
Magical Staves
 L - a staff of death
 V - the staff "Impslayer" {rPois Earth}
   (You found it in a Gauntlet)

   [staff of earth]

   Base accuracy: +5 Base damage: 5 Base attack delay: 1.2 This weapon's minimum
   attack delay (0.6) is reached at skill level 12.
   rPois:     It protects you from poison.
   Earth:     It increases the power of your Earth spells.
   It falls into the 'Staves' category.
   It is a one-handed weapon.
 W - a staff of fire
Jewellery
 f - a ring of see invisible
 k - a +4 ring of protection
 l - the ring "Xum Qoyq" (left hand) {rC+ EV+5 Int+3 Slay-3}
   (You took it off a hobgoblin on level 2 of the Dungeon)

   [ring of evasion]

   EV:        It affects your evasion (+5).
   Int:       It affects your intelligence (+3).
   Slay:      It affects your accuracy & damage with ranged weapons and melee
   (-3).
   rC:        It protects you from cold.
 w - the ring "Cibolun" (right hand) {Fly rN+ Will- rCorr Int+6}
   (You found it in a Gauntlet)

   [ring of intelligence]

   Int:       It affects your intelligence (+6).
   rN:        It protects you from negative energy.
   Fly:       It grants you flight.
   rCorr:     It protects you from acid and corrosion.
   Will:      It decreases your willpower.
 I - a ring of ice
 U - a ring of flight
Wands
 A - a wand of charming (19)
 F - a wand of flame (25)
 O - a wand of polymorph (8)
Scrolls
 a - 2 scrolls of immolation
 g - 2 scrolls of vulnerability
 h - 2 scrolls of butterflies
 i - 2 scrolls of fear
 o - 7 scrolls of teleportation
 r - 2 scrolls of enchant armour
 x - a scroll of amnesia
 D - a scroll of acquirement {unknown}
 H - a scroll of enchant weapon
 N - 2 scrolls of poison
 R - a scroll of fog
 T - a scroll of revelation
Potions
 d - 2 potions of magic
 e - a potion of ambrosia {unknown}
 j - 4 potions of mutation {unknown}
 m - 2 potions of heal wounds {unknown}
 n - 2 potions of enlightenment {unknown}
 p - a potion of experience {unknown}
 q - 6 potions of brilliance {unknown}
 s - 2 potions of cancellation {unknown}
 t - 5 potions of curing
 z - a potion of resistance {unknown}
 E - a potion of degeneration {unknown}
 M - a potion of invisibility {unknown}
 P - 2 potions of berserk rage {unknown}
 S - a potion of attraction {unknown}
Miscellaneous
 X - a phantom mirror


   Skills:
 - Level 4.2 Fighting
 - Level 4.0 Armour
 - Level 3.0 Dodging
 - Level 3.0 Stealth
 + Level 3.0 Shields
 * Level 15.8 Spellcasting
 + Level 9.3 Conjurations
 - Level 6.0 Summonings
 - Level 1.1 Necromancy
 - Level 1.1 Translocations
 + Level 6.2 Fire Magic
 + Level 1.4 Ice Magic
 - Level 1.3 Air Magic
 - Level 1.0 Poison Magic
 - Level 1.0 Evocations


You had 24 spell levels left.
You knew the following spells:

 Your Spells              Type           Power      Damage    Failure   Level
a - Magic Dart            Conj           100%       1d8       1%          1
b - Mephitic Cloud        Conj/Pois/Air  51%        N/A       1%          3
c - Call Imp              Summ           100%       N/A       1%          2
d - Blink                 Tloc           66%        N/A       1%          2
e - Foxfire               Conj/Fire      100%       2x1d9     1%          1
f - Hailstorm             Conj/Ice       57%        3d12      1%          3
g - Freezing Cloud        Conj/Ice/Air   25%        6-21      2%          5

Your spell library contained the following spells:

 Spells                   Type           Power      Damage    Failure   Level
 Volatile Blastmotes      Fire/Tloc      100%       2d18      1%          3
 Freeze                   Ice            100%       1d10      1%          1
 Slow                     Hex            100%       N/A       1%          1
 Cigotuvi's Dreadful Rot  Necr/Pois/Air  66%        N/A       1%          2
 Frozen Ramparts          Ice            70%        1d11      1%          3
 Ignite Poison            Fire/Tmut/Pois 42%        N/A       1%          3


Dungeon Overview and Level Annotations

Branches:
Dungeon (12/15)            Temple (1/1) D:5            Lair (0/5) D:9
    Orc (0/2) D:9           Sewer (visited)         Gauntlet (visited)

Altars:
Elyvilon
Fedhas
Gozag
Kikubaaqudgha
Okawaru
Uskayaw
Vehumet
Wu Jian
Zin
The Shining One

Shops:
D:8 ?   D:11 =

Portals:
Abyss: D:7
Trove: D:10 (give +3 storm dragon scales)

Annotations:
D:7 2 transporters, olddryhag's ghost, novice OpTm
D:12 Jorgrun


Message History

Confirm with . or Enter, or press ? or * to list all spells.
Aiming: Mephitic Cloud (safe; 1% risk of failure)
Press: ? - help, Shift-Dir - straight line, f - Jorgrun
Aim: Jorgrun, wielding a +0 heavy quarterstaff and wearing a +0 robe (chance to affect: 29%)
The ball explodes into a vile cloud!
The stinking cloud engulfs Jorgrun but does no damage.
Jorgrun is engulfed in noxious fumes.
Jorgrun points next to you and mumbles some strange words.
The wall shatters!
The blast of rock fragments hits you!
Jorgrun is engulfed in noxious fumes.
Your limbs are stiffening.
Unknown command.
You feel stable enough to blink again.
Jorgrun is engulfed in noxious fumes.
You have turned to stone.
Some rock shatters into small pieces.
Jorgrun hits you with a +0 heavy quarterstaff.
The wraith hits you. The wraith drains your vigour!
You feel yourself slow down.
The boulder beetle curls into a ball and begins rolling!
The komodo dragon bites you. The wraith hits you!
The wraith drains your vigour!
You feel as though you will be slow longer.
Jorgrun hits you with a +0 heavy quarterstaff!
The komodo dragon bites you but does no damage.
The wraith hits you but does no damage. The komodo dragon bites you!!
Jorgrun gestures at you while chanting. The entropic shot hits you!!!
* * * LOW HITPOINT WARNING * * *
The wraith barely misses you. The komodo dragon bites you!
* * * LOW HITPOINT WARNING * * *
Jorgrun hits you but does no damage. The wraith hits you.
* * * LOW HITPOINT WARNING * * *
The boulder beetle stops rolling and uncurls.
The komodo dragon bites you.
* * * LOW HITPOINT WARNING * * *
The wraith hits you.
* * * LOW HITPOINT WARNING * * *
Jorgrun hits you with a +0 heavy quarterstaff!!
You die...

##.** ####l...#.#*,,,,,,,*,
#...** #....B#..∩#,.,,,,,,,,
##...,#####..#.°#.#.#..,,,,,,,,
*....##..##...°.......#*,,,,,,,
*##...#.......###......,,,,,,,,
#....#........##......,,,,,,,,
*#...............#.#...,,**,,,
##...........lW......#..,,,,,,
#............@gB.....#.#.,,,,,
##.....####..##.......,*,,,,,,
###.....#...##*.......,,,*,,,,
***#....<.##..#.**#...#..*******,
*,#)..##........*,,.#.#,.,* **,
,.....*##.......,,,####*,******,,
,....,,,........,,,** *,,***,,,,,
,....,,,,.!.....,<,,****,,,,,,,,,
,...,,,,,......#,*,,,,*.......?..


You could see Jorgrun, a boulder beetle, a komodo dragon and a wraith.

Vanquished Creatures
  A minotaur (Gauntlet)
  Fannar (D:11)
  2 two-headed ogres (D:11)
  An ugly thing (D:11)
  A manticore (D:11)
  A smoke demon (Gauntlet)
  A hornet (D:8)
  3 trolls
  A shadow (D:11)
  A wyvern (D:8)
  15 yaks
  3 vampire mosquitoes (D:11)
  Grum (D:8)
  A warg (D:9)
  2 water moccasins
  An ice beast (D:5)
  10 orc warriors
  3 sky beasts
  A sky beast (shapeshifter) (D:7)
  2 black bears (D:5)
  A tengu (D:11)
  2 wolves (D:8)
  7 centaurs
  Blork the orc (D:5)
  5 kobold brigands
  A bullfrog (D:5)
  3 scorpions
  7 wights
  3 killer bees (Gauntlet)
  6 howler monkeys
  3 crimson imps (Gauntlet)
  6 orc priests
  2 jellies
  2 gnoll boudas (D:6)
  4 hounds
  2 iguanas (D:7)
  A sleepcap (D:5)
  10 orc wizards
  9 adders
  6 gnolls
  4 river rats (Sewer)
  2 ufetubi
  2 worms
  3 dart slugs
  55 orcs
  2 endoplasms
  5 giant cockroaches
  7 hobgoblins
  A jackal (Sewer)
  25 kobolds
  2 quokkas
  16 ball pythons
  4 bats
  4 frilled lizards
  5 goblins
  6 rats
  A foxfire (D:11)
277 creatures vanquished.

Vanquished Creatures (collateral kills)
  A wolf (D:8)
  A hound (D:5)
  A sleepcap (D:8)
  An orc (D:5)
  A giant cockroach (D:3)
5 creatures vanquished.

Vanquished Creatures (others)
  A queen bee (Gauntlet)
  A human (D:8)
  A centaur (D:6)
  A kobold brigand (D:8)
  A lava snake (D:8)
  A hound (D:5)
  757 foxfires
763 creatures vanquished.

Grand Total: 1045 creatures vanquished

Notes
Turn   | Place    | Note
-------+----------+-------------------------------------------
     0 | D:1      | pokeman the Deep Elf Hedge Wizard began the quest for the
                  | Orb.
     0 | D:1      | Reached XP level 1. HP: 10/10 MP: 7/7
   129 | D:1      | Found a faded altar of an unknown god.
   647 | D:1      | Reached XP level 2. HP: 16/16 MP: 6/9
  1255 | D:2      | Reached skill level 5 in Spellcasting
  1255 | D:2      | Reached XP level 3. HP: 18/20 MP: 0/11
  1259 | D:2      | Learned a level 3 spell: Mephitic Cloud
  1262 | D:2      | Learned a level 2 spell: Call Imp
  1265 | D:2      | Learned a level 2 spell: Blink
  1427 | D:2      | Reached skill level 1 in Fighting
  1427 | D:2      | Reached skill level 1 in Armour
  1585 | D:2      | Identified the ring "Xum Qoyq" {rC+ EV+5 Int+3 Slay-3}
  1593 | D:2      | Reached XP level 4. HP: 25/25 MP: 4/13
  2645 | D:3      | Found a glowing drain.
  2750 | Sewer    | Entered a sewer
  2941 | Sewer    | Reached skill level 6 in Spellcasting
  2995 | Sewer    | Reached XP level 5. HP: 29/29 MP: 10/15
  3149 | Sewer    | Reached skill level 1 in Poison Magic
  3347 | Sewer    | Reached skill level 1 in Air Magic
  3347 | Sewer    | Reached XP level 6. HP: 31/34 MP: 6/17
  3365 | Sewer    | Reached skill level 7 in Spellcasting
  3941 | D:3      | Found a hide-covered altar of Uskayaw.
  3950 | D:3      | Identified the +2 spear of Royalism {freeze, Fly Dex+4}
  4093 | D:3      | Found an opulent altar of Gozag.
  4209 | D:3      | Found a white marble altar of Elyvilon.
  4864 | D:4      | Found an iron altar of Okawaru.
  5002 | D:5      | Entered Level 5 of the Dungeon
  5003 | D:5      | Found an ornate altar of the Wu Jian Council.
  5014 | D:5      | Reached XP level 7. HP: 32/40 MP: 16/20
  5180 | D:5      | Reached skill level 8 in Spellcasting
  5241 | D:5      | Found a staircase to the Ecumenical Temple.
  5250 | Temple   | Entered the Ecumenical Temple
  5258 | Temple   | Became a worshipper of Vehumet
  5736 | D:5      | Noticed Blork the orc
  5748 | D:5      | Identified the +4 rapier of Kismet {freeze, rF+ rC+ Str+7
                  | Dex-5}
  5819 | D:5      | Reached XP level 8. HP: 42/44 MP: 16/22
  6000 | D:5      | Killed Blork the orc
  6001 | D:5      | Reached skill level 9 in Spellcasting
  6223 | D:5      | Reached skill level 1 in Shields
  6416 | D:5      | Reached skill level 5 in Conjurations
  6478 | D:6      | Reached skill level 10 in Spellcasting
  7277 | D:6      | Found a glowing silver altar of Zin.
  7506 | D:7      | Reached XP level 9. HP: 48/48 MP: 22/25
  7622 | D:7      | Reached skill level 5 in Summonings
  7749 | D:7      | Noticed a toenail golem
  7776 | D:7      | Reached skill level 1 in Evocations
  7898 | D:7      | Found a transporter.
  7913 | D:7      | Found a transporter.
  7914 | D:7      | Found a one-way gate to the infinite horrors of the Abyss.
  7914 | D:7      | Noticed olddryhag's ghost (novice OpTm)
  8003 | D:7      | Reached skill level 11 in Spellcasting
  8271 | D:8      | Noticed Psyche
  8292 | D:8      | Psyche changed into Psyche the glowing shapeshifter
  8292 | D:8      | Noticed Psyche (glowing shapeshifter)
  8293 | D:8      | Psyche the glowing shapeshifter changed into Psyche the
                  | skyshark
  8293 | D:8      | Noticed Psyche (glowing shapeshifter)
  8301 | D:8      | Psyche the skyshark changed into Psyche the shock serpent
  8301 | D:8      | Noticed Psyche (glowing shapeshifter)
  8403 | D:8      | Noticed Psyche
  8410 | D:7      | Noticed Psyche
  8434 | D:7      | Noticed Psyche
  8543 | D:7      | Noticed Psyche
  8543 | D:7      | Psyche the alligator changed into Psyche the ettin
  8543 | D:7      | Noticed Psyche (glowing shapeshifter)
  8545 | D:7      | Psyche the ettin changed into Psyche the bunyip
  8545 | D:7      | Noticed Psyche (glowing shapeshifter)
  8548 | D:7      | Psyche the bunyip changed into Psyche the quicksilver ooze
  8548 | D:7      | Noticed Psyche (glowing shapeshifter)
  8549 | D:7      | Psyche the quicksilver ooze changed into Psyche the death
                  | yak
  8549 | D:7      | Noticed Psyche (glowing shapeshifter)
  8551 | D:7      | Psyche the death yak changed into Psyche the dire elephant
  8551 | D:7      | Noticed Psyche (glowing shapeshifter)
  8559 | D:7      | Noticed Psyche
  8559 | D:7      | Psyche the iron troll changed into Psyche the fenstrider
                  | witch
  8559 | D:7      | Noticed Psyche (glowing shapeshifter)
  8564 | D:7      | Psyche the fenstrider witch changed into Psyche the frost
                  | giant
  8564 | D:7      | Noticed Psyche (glowing shapeshifter)
  8591 | D:7      | Noticed Psyche
  8613 | D:7      | Noticed Psyche
  8613 | D:7      | Psyche the manticore changed into Psyche the komodo dragon
  8613 | D:7      | Noticed Psyche (glowing shapeshifter)
  8765 | D:8      | Found an ancient bone altar of Kikubaaqudgha.
  8815 | D:8      | Noticed Grum
  8829 | D:8      | Reached * piety under Vehumet
  8829 | D:8      | Offered knowledge of Foxfire by Vehumet.
  8833 | D:8      | Learned a level 1 spell: Foxfire
  8838 | D:8      | Killed Grum
  9001 | D:8      | Reached skill level 12 in Spellcasting
  9708 | D:8      | Found Wasajok's Magic Scroll Shoppe.
  9717 | D:8      | Bought a scroll of revelation for 105 gold pieces
  9717 | D:8      | Bought a scroll of teleportation for 42 gold pieces
  9717 | D:8      | Bought a scroll of identify for 28 gold pieces
  9717 | D:8      | Bought a scroll of identify for 28 gold pieces
  9717 | D:8      | Bought a scroll of identify for 28 gold pieces
  9717 | D:8      | Bought a scroll of identify for 28 gold pieces
  9969 | D:8      | Reached skill level 1 in Fire Magic
  9987 | D:8      | Reached skill level 1 in Necromancy
 10052 | D:9      | Reached XP level 10. HP: 53/53 MP: 24/28
 10448 | D:9      | Offered knowledge of Momentum Strike by Vehumet.
 10449 | D:9      | Reached skill level 13 in Spellcasting
 10465 | D:9      | Reached ** piety under Vehumet
 10862 | D:9      | Found a staircase to the Orcish Mines.
 10865 | D:9      | Found a staircase to the Lair.
 11422 | D:10     | Entered Level 10 of the Dungeon
 11477 | D:10     | Offered knowledge of Inner Flame by Vehumet.
 11893 | D:10     | Reached *** piety under Vehumet
 11977 | D:10     | Found a blossoming altar of Fedhas.
 12212 | D:10     | Found a portal to a secret trove of treasure.
 12291 | D:10     | Reached skill level 14 in Spellcasting
 12822 | D:11     | Noticed a purple ugly thing
 12832 | D:11     | Noticed Fannar
 13292 | D:11     | Found Hytif's Jewellery Boutique.
 13394 | D:11     | Killed a purple ugly thing
 13584 | D:11     | Reached XP level 11. HP: 56/60 MP: 27/31
 13674 | D:11     | Noticed a two-headed ogre
 13689 | D:11     | Noticed a two-headed ogre
 13699 | D:11     | Killed a two-headed ogre
 13719 | D:11     | Killed a two-headed ogre
 13720 | D:11     | Reached skill level 5 in Fire Magic
 13791 | D:11     | Offered knowledge of Volatile Blastmotes by Vehumet.
 14047 | D:11     | Reached skill level 15 in Spellcasting
 14201 | D:11     | Killed Fannar
 15048 | D:12     | Noticed Jorgrun
 15071 | D:12     | Noticed a boulder beetle
 15079 | D:12     | Found a gate leading to a gauntlet.
 15085 | Gauntlet | Entered a Gauntlet
 15085 | Gauntlet | Found a transporter.
 15089 | Gauntlet | Found a transporter.
 15090 | Gauntlet | Found a transporter.
 15094 | Gauntlet | Found a runed translucent door.
 15094 | Gauntlet | Found a runed translucent door.
 15105 | Gauntlet | Found a transporter.
 15107 | Gauntlet | Found a transporter.
 15109 | Gauntlet | Noticed a wizard
 15117 | Gauntlet | Found a runed translucent gate.
 15118 | Gauntlet | Found a transporter.
 15119 | Gauntlet | Found a runed translucent gate.
 15120 | Gauntlet | Found a runed translucent gate.
 15133 | Gauntlet | Found the +3 pair of seven-league boots {Rampage+∞}
 15134 | Gauntlet | Found a transporter.
 15134 | Gauntlet | Noticed a wizard
 15144 | Gauntlet | Found a transporter.
 15160 | Gauntlet | Found a transporter.
 15161 | Gauntlet | Found a transporter.
 15178 | Gauntlet | Found a transporter.
 15178 | Gauntlet | Found a transporter.
 15204 | Gauntlet | Noticed a ghost crab
 15206 | Gauntlet | Found a transporter.
 15220 | Gauntlet | Found a transporter.
 15248 | Gauntlet | Learned a level 3 spell: Hailstorm
 15591 | Gauntlet | Learned a level 5 spell: Freezing Cloud
 15610 | Gauntlet | Identified the ring "Cibolun" {Fly rN+ Will- rCorr Int+6}
 15685 | Gauntlet | Identified the +3 morningstar of Varah {drain, rN+ rCorr
                  | Dex-5}
 15685 | Gauntlet | Noticed a minotaur
 15711 | Gauntlet | Killed a minotaur
 15712 | Gauntlet | Reached skill level 1 in Ice Magic
 15880 | Gauntlet | Identified the staff "Impslayer" {rPois Earth}
 15896 | D:12     | HP: 3/61 [komodo dragon (2)]
 15896 | D:12     | Demolished by Jorgrun

Illustrated notes

Levels and vault maps discovered:
D:1:      minmay_arrival_doors, layout_basic, nicolae_ecumenical_lake_church,
          bh_walls_and_bars
D:2:      layout_basic, minmay_misc_feat_tower, minmay_tree_intersection,
          minmay_misc_feat_x, grunt_ministairs_14, minmay_vboxes
D:3:      layout_loops_ring, eat_drink_and_be_merry_uskayaw,
          mainiacjoe_overflow_alcove_2, mainiacjoe_overflow_brackets,
          gup_sewer_entry_glass
D:4:      layout_layer_cave, mainiacjoe_overflow_small_starburst
D:5:      layout_basic, mainiacjoe_overflow_concentric_impassable,
          minmay_temple_entry_gardened_gates, uniq_blork_the_orc
D:6:      layout_basic, mainiacjoe_overflow_alcove_4, serial_park_tiny_1,
          minmay_manual_maat
D:7:      layout_rooms, gammafunk_ghost_abyssal_escape
D:8:      layout_basic, tgw_kikubaaqudgha, serial_shops, nicolae_shop_trees,
          kennysheep_potato, uniq_grum, uniq_psyche
D:9:      layout_long_grid, erik_lair_orcish_takeover, david_orc_5,
          grunt_ministairs_7, minmay_misc_feat_columns
D:10:     layout_basic, fedhas_altar_3, trove_entry_hex_spiral
D:11:     layout_basic, serial_shops,
          nicolae_shop_temple_entry_statues_fountains, uniq_fannar
D:12:     layout_cave_pools, gauntlet_entry_generic, kennysheep_crisscross,
          kennysheep_generic_room_11, uniq_jorgrun
Temple:   dpeg_chambers_temple

Skill      XL: |  1  2  3  4  5  6  7  8  9 10 11 |
---------------+----------------------------------+-----
Spellcasting   | 5 6 7 8 10 12 14 15 | 15.8
Fighting       | 1 2 3 4 |  4.2
Armour         | 1 2 3 4 |  4.0
Conjurations   | 2 3 4 5 6 8 9 |  9.3
Stealth        | 3 |  3.0
Dodging        | 3 |  3.0
Poison Magic   | 1 |  1.0
Air Magic      | 1 |  1.3
Summonings     | 2 3 4 6 |  6.0
Shields        | 2 3 |  3.0
Evocations     | 1 |  1.0
Fire Magic     | 1 4 6 |  6.2
Necromancy     | 1 |  1.1
Ice Magic      | 1 |  1.4
Translocations | |  1.1

Action                     |  1- 3 |  4- 6 |  7- 9 | 10-12 || total
---------------------------+-------+-------+-------+-------++-------
  Melee: Dagger            |     9 |    84 |    13 |     4 ||   110
         Spear             |       |     1 |    56 |       ||    57
         Punch             |       |       |     4 |     3 ||     7
         Rapier            |       |       |   130 |   120 ||   250
   Cast: Magic Dart        |    62 |   157 |   169 |     5 ||   393
         Mephitic Cloud    |     1 |     9 |    54 |    56 ||   120
         Call Imp          |       |     1 |    10 |     5 ||    16
         Blink             |       |       |     8 |    11 ||    19
         Foxfire           |       |       |    60 |   354 ||   414
         Hailstorm         |       |       |       |     9 ||     9
         Freezing Cloud    |       |       |       |     1 ||     1
  Evoke: Wand              |       |       |     4 |    11 ||    15
    Use: Scroll            |       |       |       |    11 ||    11
   Stab: Distracted        |     1 |       |       |       ||     1
         Confused          |       |     5 |    20 |    15 ||    40
         Sleeping          |       |     1 |     1 |       ||     2
 Armour: Robe              |     5 |    11 |    53 |    33 ||   102
  Dodge: Dodged            |    11 |    71 |   316 |   216 ||   614
         Repelled          |       |       |       |     3 ||     3

Table legend: (Time is in decaauts)
 A = Elapsed time spent in this place.
 B = Non-inter-level travel time spent in this place.
 C = Inter-level travel time spent in this place.
 D = Time resting spent in this place.
 E = Time spent auto-exploring this place.
 F = Levels seen in this place.
 G = Mean time per level.
                   A        B        C        D        E       F      G
               +--------+--------+--------+--------+--------+-----+--------+
         Total |  16066 |  15561 |    505 |   1243 |  10726 |  15 | 1071.1 |
       Dungeon |  13943 |  13438 |    505 |    885 |   9626 |  12 | 1161.9 |
        Temple |    180 |    180 |      0 |    161 |      0 |   1 |  180.0 |
         Sewer |   1143 |   1143 |      0 |     47 |    825 |   1 | 1143.0 |
      Gauntlet |    799 |    799 |      0 |    150 |    275 |   1 |  799.0 |
               +--------+--------+--------+--------+--------+-----+--------+

Top non-repeatable levels by time:
    D:11: 1929 daAuts
    D:10: 1721 daAuts
     D:9: 1442 daAuts
     D:8: 1386 daAuts
     D:5: 1382 daAuts
     D:2: 1299 daAuts
     D:1: 1197 daAuts
   Sewer: 1143 daAuts
     D:6: 1054 daAuts
     D:7: 1018 daAuts
     D:3: 911 daAuts
Gauntlet: 799 daAuts
     D:4: 562 daAuts
  Temple: 180 daAuts
    D:12: 37 daAuts
